 Dungeon Crawl Stone Soup version 0.30.0-29-ga12c61a403 (webtiles) character file.

Game seed: 6301419245491426796

33 Peloso the Shield-Bearer (level 3, 33/33 HPs)
             Began as a Minotaur Fighter on June 24, 2023.
             Got out of the dungeon alive.
             The game lasted 00:02:18 (822 turns).

Peloso the Shield-Bearer (Minotaur Fighter)          Turns: 822, Time: 00:02:18

Health: 33/33      AC:  7    Str: 20    XL:     3   Next: 12%
Magic:  2/2        EV:  9    Int:  5    God:
Gold:   43         SH:  4    Dex: 11    Spells: 2/2 levels left

rFire   . . .        a - +0 long sword
rCold   . . .        c - +0 buckler
rNeg    . . .        b - +0 scale mail
rPois   .            (helmet restricted)
rElec   .            (no cloak)
rCorr   .            (no gloves)
SInv    .            (no boots)
Will    .....        f - amulet of the acrobat Stlth
                     (no ring)
HPRegen 0.25/turn    (no ring)
MPRegen 0.08/turn

%: acrobat
@: no status effects
A: horns 2, retaliatory headbutt, hooves 1
a: no special abilities


You escaped.
You visited 1 branch of the dungeon, and saw 1 of its levels.

You collected 43 gold pieces.

Inventory:

Hand Weapons
 a - a +0 long sword (weapon)
Armour
 b - a +0 scale mail (worn)
 c - a +0 buckler (worn)
Jewellery
 f - an amulet of the acrobat (around neck)
 i - an amulet of reflection
Scrolls
 e - a scroll of identify
 g - a scroll of immolation {unknown}
 k - a scroll of noise {unknown}
 l - 3 scrolls of blinking {unknown}
Potions
 d - a potion of might


   Skills:
 + Level 4.0 Fighting
 + Level 2.7 Long Blades
 + Level 4.1 Armour
 + Level 4.2 Shields


You had 2 spell levels left.
You didn't know any spells.
Your spell library was empty.

Dungeon Overview and Level Annotations

Branches:
Dungeon (1/15)

Altars:


Innate Abilities, Weirdness & Mutations

You have a pair of horns on your head.
You reflexively headbutt those who attack you in melee.
You have large cloven feet.


Message History

You miss the jackal. The jackal barely misses you.
The jackal bites you but does no damage.
You hit the jackal. You headbutt the jackal.
The jackal is almost dead.
The jackal closely misses you. The jackal completely misses you.
You completely miss the jackal.
The jackal is almost dead.
You block the jackal's attack.
The jackal bites you but does no damage.
You closely miss the jackal.
The jackal is almost dead.
The jackal bites you but does no damage.
You slash the jackal!
You kill the jackal!
Found a spear and 2 stones.
Things that are here:
a jackal corpse; a jackal corpse You see here a +0 spear.
Done exploring.
Done exploring.
Done exploring.
Done exploring.
As you read the scroll labelled OHEANU QOSSA, it crumbles to dust.
It is a scroll of identify.
h - a potion of attraction You drop a potion of attraction.
It was a potion of mutation.
You feel extremely strange.
Your feet thicken and deform.
(D) Dungeon
Where to? (? - help)
What level of the Dungeon? (default 1, ? - help)
You see here a potion of attraction.
You see here a +0 spear.
Things that are here:
a jackal corpse; a jackal corpse You see here a jackal corpse.
You see here a hobgoblin skeleton.
There is a staircase leading out of the dungeon here.
Are you sure you want to leave the Dungeon?
This will make you lose the game!
You have escaped!

#.......###.......###.###
#.......# #.......# #...#
#......## #.......# ###.#
##......## #(......# #.#
.'.......# ######### #.#
##.......###############.########
#.......#.............#.........
#.......#.............#.########
#########......@......#.###.....
#.............#.........
#.............#..##.####
######.#.#######.##.....
#...##.......##..##
#.>.##.......)...#
#...##...#.##.#..##
#.#.##....#..#...##
#...##...#.##.#.###


There were no monsters in sight!

Vanquished Creatures
  A dart slug (D:1)
  2 endoplasms (D:1)
  A giant cockroach (D:1)
  2 goblins (D:1)
  4 hobgoblins (D:1)
  4 jackals (D:1)
  6 kobolds (D:1)
  5 ball pythons (D:1)
  A bat (D:1)
  3 rats (D:1)
29 creatures vanquished.

Notes
Turn   | Place    | Note
-------+----------+-------------------------------------------
     0 | D:1      | Peloso the Minotaur Fighter began the quest for the Orb.
     0 | D:1      | Reached XP level 1. HP: 19/19 MP: 0/0
    92 | D:1      | Reached XP level 2. HP: 16/27 MP: 1/1
   733 | D:1      | Reached XP level 3. HP: 33/33 MP: 2/2
   766 | D:1      | Gained mutation: You have large cloven feet. [potion of
                  | mutation]
   822 | D:$      | Got out of the dungeon alive.

Illustrated notes

Levels and vault maps discovered:
D:1:      lemuel_arrival_hallway, layout_basic, minmay_misc_feat_nine_boxes,
          minmay_small_reverse_x

Skill      XL: |  1  2 |
---------------+-------+-----
Shields        | 4 |  4.2
Armour         | 4 |  4.1
Fighting       | 4 |  4.0
Long Blades    | |  2.7

Action                     || total
---------------------------++-------
  Melee: Long sword        ||    67
         Headbutt          ||     4
    Use: Scroll            ||     1
         Potion            ||     1
 Armour: Scale mail        ||    29
  Dodge: Dodged            ||    32
  Block: Buckler           ||    21
